 Dungeon Crawl Stone Soup version 0.20.0-15-g7f486f2 (webtiles) character file.

80 greprep the Skirmisher (level 4, -3/41 HPs)
             Began as a Hill Orc Fighter on June 24, 2017.
             Killed from afar by an orc wizard (5 damage)
             ... with a magic dart
             ... on level 3 of the Dungeon.
             The game lasted 00:03:05 (1909 turns).

greprep the Skirmisher (Hill Orc Fighter)           Turns: 1909, Time: 00:03:06

Health: -3/41      AC:  6    Str: 22 (23) XL:     4   Next: 39%
Magic:  5/5        EV:  7    Int:  6 (9)  God:
Gold:   137        SH:  9    Dex:  8 (10) Spells: 5/5 levels left

rFire    . . .     SeeInvis .   a - +0 war axe
rCold    . . .     Gourm    .   c - +0 shield
rNeg     . . .     Faith    .   b - +0 scale mail
rPois    .         Spirit   .   (helmet restricted)
rElec    .         Reflect  .   (no cloak)
rCorr    .         Harm     .   (no gloves)
MR       .....                  (no boots)
Stlth    ..........             (no amulet)
Regen    0.2/turn               (no ring)
MPRegen  0.1/turn               (no ring)

@: mighty, about to teleport
A: antennae 1, blurry vision 1
a: no special abilities


You were on level 3 of the Dungeon.
You were not hungry.

You visited 1 branch of the dungeon, and saw 3 of its levels.

You collected 137 gold pieces.

Inventory:

Hand Weapons
 a - a +0 war axe (weapon)
Armour
 b - a +0 scale mail (worn)
 c - a +0 shield (worn)
Jewellery
 h - an uncursed ring of see invisible {unknown}
Scrolls
 e - 2 scrolls of remove curse
 i - a scroll of teleportation
 j - a scroll of enchant armour {unknown}
 l - a scroll of blinking {unknown}
 m - a scroll of identify
 n - a scroll of amnesia {unknown}
 q - a scroll of random uselessness {unknown}
 r - a scroll of enchant weapon {unknown}
 s - a scroll of fog {unknown}
 t - a scroll of magic mapping {unknown}
 u - a scroll of recharging {unknown}
Potions
 k - a potion of degeneration
 o - a potion of mutation
 p - a potion of agility {unknown}
Comestibles
 f - 2 bread rations
 g - 3 meat rations


   Skills:
 + Level 4.3 Fighting
 + Level 4.1 Axes
 + Level 3.4 Armour
 + Level 0.2 Dodging
 + Level 3.5 Shields
 * Level 1.0 Spellcasting


You had 5 spell levels left.
You didn't know any spells.

Dungeon Overview and Level Annotations

Branches:
Dungeon (3/15)

Altars:

Annotations:
D:3 Grinder, Ijyb


Innate Abilities, Weirdness & Mutations

You have a pair of small antennae on your head.
Scrolls take you a little longer to read.


Message History

The adder hisses angrily.
The adder moves out of view.
The orc wizard casts a spell.
The orc wizard seems to speed up.
The orc wizard casts a spell at you. You block the puff of flame.
The gnoll hits you from afar with a spear.
* * * LOW HITPOINT WARNING * * *
You block Grinder's attack.
You hear a shout!
It was a potion of mutation.
You feel extremely strange.
Your vision blurs.
A pair of antennae grows on your head!
The orc wizard looks encouraged for a moment.
You block the gnoll's attack. Grinder hits you but does no damage.
It was a potion of degeneration.
There was something very wrong with that liquid.
You feel weakened.
You feel dopey.
You feel clumsy. The orc wizard casts a spell at you. The magic dart hits you!
You die...

.....
..####...#
.........#
....#....#
.........#
.........+
.......o.#
#...o@# .
#..#5###....
# #g{.g...g
#o....%..
.g.......
##........
........(
#...5....
.........


You could see Grinder, Ijyb, 2 orc wizards, a gnoll and an orc.

Vanquished Creatures
  A gnoll (D:3)
  2 adders (D:2)
  An ooze (D:1)
  A dart slug (D:2)
  A worm (D:2)
  A leopard gecko (D:1)
  6 bats
  A giant cockroach (D:1)
  5 goblins
  6 hobgoblins
  2 jackals (D:2)
  A frilled lizard (D:1)
  7 kobolds
  7 rats
42 creatures vanquished.

Notes
Turn   | Place    | Note
-------+----------+-------------------------------------------
     0 | D:1      | greprep the Hill Orc Fighter began the quest for the Orb.
     0 | D:1      | Reached XP level 1. HP: 19/19 MP: 1/1
   116 | D:1      | Reached XP level 2. HP: 27/27 MP: 2/2
   616 | D:1      | Reached XP level 3. HP: 32/33 MP: 3/3
  1107 | D:2      | Reached skill level 1 in Spellcasting
  1537 | D:2      | Reached XP level 4. HP: 33/40 MP: 5/5
  1890 | D:3      | Noticed Grinder
  1905 | D:3      | Noticed Ijyb
  1906 | D:3      | HP: 2/41 [Grinder (6)]
  1908 | D:3      | Gained mutation: Scrolls take you a little longer to read. [potion of mutation]
  1908 | D:3      | Gained mutation: You have a pair of small antennae on your head. [potion of mutation]
  1909 | D:3      | Killed from afar by an orc wizard

Skill      XL: |  1  2  3 |
---------------+----------+-----
Axes           | 3 4 |  4.1
Fighting       | 4 |  4.3
Spellcasting   | 1 |  1.0
Armour         | |  3.4
Dodging        | |  0.2
Shields        | |  3.5

Action                   |  1- 3 |  4- 6 || total
-------------------------+-------+-------++-------
Melee: War axe           |   127 |    23 ||   150
  Use: Potion            |       |     3 ||     3
       Scroll            |       |     2 ||     2
  Eat: Chunk             |     1 |     2 ||     3
Armor: Scale mail        |    65 |     7 ||    72
Dodge: Dodged            |    41 |     5 ||    46
Block: Shield            |    83 |    18 ||   101
